 Dungeon Crawl Stone Soup version 0.30-a0-170-g85af917532 (webtiles) character file.

Game seed: 7035556699578382317

66 cornflour the Chopper (level 3, -2/49 HPs)
             Began as a Minotaur Berserker on Sept 30, 2022.
             Was a Believer of Trog.
             Killed from afar by Robin (16 damage)
             ... with a bolt of dispelling energy
             ... on level 2 of the Dungeon.
             The game lasted 00:06:43 (2170 turns).

cornflour the Chopper (Minotaur Berserker)          Turns: 2170, Time: 00:06:44

Health: -2/49      AC:  2    Str: 23    XL:     3   Next: 96%
Magic:  2/2        EV: 12    Int:  4    God:    Trog [**....]
Gold:   144        SH:  0    Dex:  9    Spells: 2/2 levels left

rFire   . . .      SeeInvis .    a - +0 hand axe
rCold   . . .      Faith    .    (no shield)
rNeg    . . .      Spirit   .    b - +0 animal skin
rPois   .          Reflect  .    (helmet restricted)
rElec   .          Harm     .    (no cloak)
rCorr   .          Rampage  .    (no gloves)
Will    .....                    (no boots)
Stlth   ..........               (no amulet)
HPRegen 0.16/turn                (no ring)
MPRegen 0.08/turn                (no ring)

@: berserking, very quick
A: horns 2, retaliatory headbutt
a: Renounce Religion, Berserk, Trog's Hand


You were on level 2 of the Dungeon.
You worshipped Trog.
Trog was pleased with you.
You visited 1 branch of the dungeon, and saw 3 of its levels.

You collected 144 gold pieces.

Inventory:

Hand Weapons
 a - a +0 hand axe (weapon)
 f - a +2 dagger of electrocution
Armour
 b - a +0 animal skin (worn)
Wands
 g - a wand of quicksilver (1)
Scrolls
 c - a scroll of poison {unknown}
 e - 2 scrolls of identify {unknown}
 h - a scroll of immolation {unknown}
 i - a scroll of amnesia {unknown}
 j - a scroll of enchant weapon {unknown}
 l - a scroll of noise {unknown}
Potions
 d - a potion of berserk rage {unknown}
 k - a potion of degeneration {unknown}


   Skills:
 + Level 4.2 Fighting
 + Level 4.4 Axes
 * Level 3.4 Armour
 + Level 2.8 Dodging
 - Level 0.1 Stealth


You had 2 spell levels left.
You didn't know any spells.
Your spell library was empty.

Dungeon Overview and Level Annotations

Branches:
Dungeon (3/15)

Altars:
Yredelemnul

Annotations:
D:2 Robin


Innate Abilities, Weirdness & Mutations

You have a pair of horns on your head.
You reflexively headbutt those who attack you in melee.


Message History

You barely miss the goblin. The goblin hits you with a +0 dagger.
You hit the goblin.
You kill the goblin!
Trog accepts your kill.
No target in view!
Robin, a hobgoblin and a goblin come into view.
Robin is wielding a +0 short sword and carrying a wand of quicksilver (12).
Robin shouts!
The hobgoblin shouts!
Robin throws the goblin at you! The goblin closely misses you.
You furiously retaliate!
You headbutt the goblin!
You kill the goblin!
Trog accepts your kill.
Things that are here:
a +0 dagger; a goblin corpse; a hobgoblin corpse Robin throws the goblin at you!
The goblin closely misses you. You furiously retaliate!
You headbutt the goblin. The hobgoblin closely misses you.
You closely miss the goblin.
The goblin is moderately wounded.
You hit the hobgoblin.
A hobgoblin comes into view.
The goblin hits you with a +0 dagger. The hobgoblin barely misses you.
You furiously retaliate!
You headbutt the hobgoblin!
You kill the hobgoblin!
Trog accepts your kill.
You barely miss the goblin.
The goblin is moderately wounded.
The hobgoblin shouts!
Robin zaps a wand.
The bolt of dispelling energy hits you!!
Ouch! That really hurt!
* * * LOW HITPOINT WARNING * * *
The goblin barely misses you.
A red film seems to cover your vision as you go berserk!
You feel yourself moving faster!
You feel mighty!
Robin zaps a wand.
The bolt of dispelling energy misses you.
The goblin misses you.
You feel a strong urge to attack something.
Robin zaps a wand.
The bolt of dispelling energy hits you!
You die...

#<..........#
#########.#.# #.#.# #.#
#.#.#.# #.# #.#.#.# #.#
#.#.#.# ####### #.#
#.#.#.## #.....#
#.####.#.#.##.###..?..#
#.#..#.#.#.##gg@..)...#
#.#..#.#'#.######g....#
##.#..#.....######.....#
#.....<............#####
#.....#....##############
#..........'............#
......##...############.#
......'....+.........>#.#
......##...####.........#


You could see Robin, a hobgoblin and a goblin.

Vanquished Creatures
  2 worms (D:2)
  A dart slug (D:2)
  4 endoplasms
  2 giant cockroaches
  6 goblins
  5 hobgoblins
  12 jackals
  A quokka (D:1)
  5 ball pythons
  3 bats
  A frilled lizard (D:2)
  2 kobolds (D:2)
  6 rats
50 creatures vanquished.

Notes
Turn   | Place    | Note
-------+----------+-------------------------------------------
     0 | D:1      | cornflour the Minotaur Berserker began the quest for the
                  | Orb.
     0 | D:1      | Reached XP level 1. HP: 19/19 MP: 0/0
   524 | D:1      | Reached XP level 2. HP: 27/27 MP: 1/1
  1113 | D:1      | Found a faded altar of an unknown god.
  1373 | D:2      | Reached XP level 3. HP: 27/33 MP: 2/2
  1525 | D:2      | Reached ** piety under Trog
  2079 | D:2      | Found a basalt altar of Yredelemnul.
  2165 | D:2      | Noticed Robin
  2170 | D:2      | Killed from afar by Robin

Illustrated notes

Levels and vault maps discovered:
D:1:      minmay_arrival_semitransparent, layout_basic,
          shapermc_ecumenical_altar_hornbeckon
D:2:      layout_basic, basic_altar, uniq_robin
D:3:      layout_basic

Skill      XL: |  1  2 |
---------------+-------+-----
Axes           | 4 |  4.4
Armour         | 3 |  3.4
Fighting       | 4 |  4.2
Dodging        | |  2.8
Stealth        | |  0.1

Action                   || total
-------------------------++-------
Melee: Hand axe          ||   112
       Punch             ||     1
       Headbutt          ||     8
Invok: Berserk           ||     1
 Stab: Sleeping          ||     1
Armor: Animal skin       ||    15
Dodge: Dodged            ||    77

Table legend: (Time is in decaauts)
 A = Elapsed time spent in this place.
 B = Non-inter-level travel time spent in this place.
 C = Inter-level travel time spent in this place.
 D = Time resting spent in this place.
 E = Time spent auto-exploring this place.
 F = Levels seen in this place.
 G = Mean time per level.
                   A        B        C        D        E       F      G
               +--------+--------+--------+--------+--------+-----+--------+
         Total |   2189 |   2149 |     40 |    417 |   1330 |   3 |  729.7 |
       Dungeon |   2189 |   2149 |     40 |    417 |   1330 |   3 |  729.7 |
               +--------+--------+--------+--------+--------+-----+--------+

Top non-repeatable levels by time:
     D:1: 1283 daAuts
     D:2: 901 daAuts
     D:3: 5 daAuts
